[ PARTIDA AOE2 · #479634425 ]
Team RMJaponeses vs Franks
[ ANÁLISIS DE REPETICIÓN · EXTRAÍDO DE LA PARTIDA GRABADA ]
Feudal
15:32
Castillos
21:55
Imperial
43:08
| APM promedio | 19.7 |
| APM pico | 42 |
| eAPM promedio | 12.8 |
| Aldeanos / militares | 112 / 110 |
Foco
⚔️ 29.6% · 🌾 70.4%
Samurai ×58 · Genitour ×33 · Fishing Ship ×21 · Battering Ram ×11 · Demolition Raft ×4 · Scorpion ×2
Feudal
15:07
Castillos
21:14
Imperial
41:59
| APM promedio | 21.0 |
| APM pico | 48 |
| eAPM promedio | 11.9 |
| Aldeanos / militares | 130 / 415 |
Foco
⚔️ 43.0% · 🌾 57.0%
Knight ×253 · Scout Cavalry ×123 · Spearman ×39 · Fishing Ship ×18
Feudal
16:02
Castillos
21:03
Imperial
32:53
| APM promedio | 27.1 |
| APM pico | 62 |
| eAPM promedio | 14.1 |
| Aldeanos / militares | 63 / 241 |
Foco
⚔️ 36.4% · 🌾 63.6%
Spearman ×116 · Hand Cannoneer ×69 · Knight ×23 · Fishing Ship ×18 · Conquistador ×16 · Bombard Cannon ×12
Feudal
14:15
Castillos
19:30
Imperial
—
| APM promedio | 19.2 |
| APM pico | 48 |
| eAPM promedio | 11.5 |
| Aldeanos / militares | 118 / 47 |
Foco
⚔️ 21.9% · 🌾 78.1%
Skirmisher ×27 · Camel Scout ×9 · Fishing Ship ×8 · Fire Galley ×4 · Scout Cavalry ×4 · Unknown (2626) ×3
Feudal
13:17
Castillos
17:37
Imperial
30:46
| APM promedio | 27.6 |
| APM pico | 65 |
| eAPM promedio | 14.3 |
| Aldeanos / militares | 147 / 550 |
Foco
⚔️ 39.4% · 🌾 60.6%
Knight ×301 · Spearman ×123 · Skirmisher ×106 · Fishing Ship ×27 · Camel Scout ×8 · Unknown (2626) ×5
Feudal
15:04
Castillos
18:35
Imperial
36:33
| APM promedio | 28.1 |
| APM pico | 56 |
| eAPM promedio | 15.3 |
| Aldeanos / militares | 201 / 191 |
Foco
⚔️ 30.6% · 🌾 69.4%
Camel Scout ×128 · Camel Archer ×47 · Trebuchet (Packed) ×13 · Fishing Ship ×6 · Battering Ram ×2 · Knight ×1
Feudal
14:18
Castillos
20:18
Imperial
31:52
| APM promedio | 21.0 |
| APM pico | 44 |
| eAPM promedio | 14.4 |
| Aldeanos / militares | 137 / 232 |
Foco
⚔️ 39.6% · 🌾 60.4%
Skirmisher ×127 · Hand Cannoneer ×75 · Bombard Cannon ×19 · Fishing Ship ×9 · Archer ×8 · Trebuchet (Packed) ×3
Feudal
12:56
Castillos
22:18
Imperial
32:47
| APM promedio | 30.1 |
| APM pico | 70 |
| eAPM promedio | 17.7 |
| Aldeanos / militares | 208 / 298 |
Foco
⚔️ 30.3% · 🌾 69.7%
Rattan Archer ×266 · Fire Galley ×14 · Fishing Ship ×13 · Demolition Raft ×9 · Trebuchet (Packed) ×9
Mapa de la partida
Recursos iniciales + cada clic de construcción. Líneas = muros · curvas = relieve. ◆ oro · ⬟ piedra · ● bayas · ✦ reliquia · ◌ hueco del cierre
Tu base· Abierta — flanco sin cerrar
Base de Lykia· Abierta — hueco de 9t
Base de Dr.Lang· Abierta — hueco de 9t
Base de ecm2002· Abierta — hueco de 13t
Base de rontgen· Abierta — flanco sin cerrar
Base de 没关系,幽鬼会出手· Abierta — hueco de 4t
Base de TheDangerous· Abierta — flanco sin cerrar
Base de 这把混下把躺· Abierta — hueco de 13t
Terreno inicial suavizado · ◌ = hueco del cierre detectado · pasá el cursor para detalles
Inputs por minuto
— Coldfish - - Lykia
Build order — Coldfish
Primeras 150 de 416 acciones detectadas
| 0:38 | Construir | Town Center |
| 0:49 | Construir | House |
| 1:41 | Construir | House |
| 2:16 | Construir | Palisade Wall |
| 2:20 | Construir | Palisade Wall |
| 2:25 | Construir | Palisade Wall |
| 2:30 | Construir | Palisade Wall |
| 2:35 | Construir | Palisade Wall |
| 2:58 | Crear | Villager (Male) |
| 2:58 | Crear | Villager (Male) |
| 2:58 | Crear | Villager (Male) |
| 2:58 | Crear | Villager (Male) |
| 2:59 | Crear | Villager (Male) |
| 2:59 | Crear | Villager (Male) |
| 4:44 | Investigar | Loom |
| 4:57 | Construir | Palisade Wall |
| 5:31 | Crear | Villager (Male) |
| 5:32 | Crear | Villager (Male) |
| 6:03 | Crear | Villager (Male) |
| 6:03 | Crear | Villager (Male) |
| 6:29 | Crear | Villager (Male) |
| 6:29 | Crear | Villager (Male) |
| 6:29 | Crear | Villager (Male) |
| 6:50 | Construir | Dock |
| 7:20 | Crear | Villager (Male) |
| 7:27 | Crear | Fishing Ship |
| 7:28 | Crear | Fishing Ship |
| 8:03 | Construir | House |
| 8:22 | Crear | Villager (Male) |
| 8:45 | Construir | House |
| 8:53 | Crear | Villager (Male) |
| 8:53 | Crear | Villager (Male) |
| 9:01 | Crear | Fishing Ship |
| 9:02 | Crear | Fishing Ship |
| 9:09 | Construir | House |
| 9:45 | Crear | Villager (Male) |
| 9:50 | Construir | House |
| 9:58 | Crear | Villager (Male) |
| 10:13 | Crear | Fishing Ship |
| 10:44 | Crear | Villager (Male) |
| 10:44 | Crear | Villager (Male) |
| 11:05 | Crear | Villager (Male) |
| 11:07 | Crear | Fishing Ship |
| 11:37 | Crear | Villager (Male) |
| 11:41 | Crear | Fishing Ship |
| 12:26 | Crear | Fishing Ship |
| 12:32 | Crear | Villager (Male) |
| 12:46 | Construir | Lumber Camp |
| 12:51 | Crear | Villager (Male) |
| 13:07 | Investigar | Feudal Age |
| 13:07 | Investigar | Feudal Age |
| 13:14 | Construir | Lumber Camp |
| 13:18 | Crear | Fishing Ship |
| 13:56 | Construir | Mining Camp |
| 14:11 | Construir | House |
| 14:12 | Construir | House |
| 14:14 | Construir | House |
| 14:18 | Construir | Barracks |
| 14:31 | Construir | Mill |
| 15:22 | Crear | Villager (Male) |
| 15:32 | Edad | Edad Feudal |
| 15:35 | Crear | Villager (Male) |
| 15:36 | Investigar | Double-Bit Axe |
| 15:47 | Construir | Blacksmith |
| 15:55 | Construir | Market |
| 15:59 | Crear | Villager (Male) |
| 16:31 | Crear | Villager (Male) |
| 16:37 | Construir | House |
| 16:44 | Construir | Dock |
| 17:09 | Crear | Villager (Male) |
| 17:14 | Crear | Demolition Raft |
| 17:22 | Crear | Fire Galley |
| 17:37 | Crear | Villager (Male) |
| 18:21 | Crear | Villager (Male) |
| 18:27 | Crear | Demolition Raft |
| 18:33 | Crear | Demolition Raft |
| 18:37 | Crear | Fishing Ship |
| 18:48 | Crear | Villager (Male) |
| 18:54 | Crear | Fishing Ship |
| 19:15 | Investigar | Castle Age |
| 19:27 | Crear | Unit 2626 |
| 19:59 | Investigar | Fletching |
| 20:35 | Investigar | Horse Collar |
| 20:36 | Crear | Demolition Raft |
| 20:51 | Construir | Farm |
| 21:19 | Construir | Farm |
| 21:20 | Construir | Farm |
| 21:22 | Construir | Farm |
| 21:24 | Construir | Farm |
| 21:51 | Construir | Farm |
| 21:55 | Edad | Edad de los Castillos |
| 22:11 | Construir | Castle |
| 22:13 | Crear | Villager (Male) |
| 22:17 | Investigar | Bodkin Arrow |
| 22:24 | Crear | Fishing Ship |
| 22:24 | Crear | Fishing Ship |
| 22:33 | Investigar | Wheelbarrow |
| 22:55 | Crear | Villager (Male) |
| 22:58 | Crear | Fishing Ship |
| 23:13 | Crear | Fishing Ship |
| 23:42 | Investigar | Bow Saw |
| 23:52 | Crear | Samurai |
| 23:55 | Crear | Samurai |
| 24:08 | Construir | Lumber Camp |
| 24:13 | Investigar | Scale Mail Armor |
| 24:22 | Crear | Villager (Male) |
| 24:24 | Crear | Fishing Ship |
| 24:41 | Crear | Samurai |
| 24:45 | Investigar | Forging |
| 24:47 | Crear | Villager (Male) |
| 24:58 | Crear | Samurai |
| 25:10 | Crear | Fishing Ship |
| 25:13 | Investigar | Tech 906 |
| 25:16 | Crear | Samurai |
| 25:19 | Crear | Villager (Male) |
| 25:35 | Investigar | Chain Mail Armor |
| 25:56 | Construir | Siege Workshop |
| 25:57 | Crear | Samurai |
| 26:02 | Crear | Villager (Male) |
| 26:07 | Crear | Villager (Male) |
| 26:11 | Crear | Fishing Ship |
| 26:27 | Crear | Samurai |
| 26:39 | Crear | Fishing Ship |
| 26:47 | Crear | Samurai |
| 27:08 | Crear | Villager (Male) |
| 27:11 | Crear | Samurai |
| 27:17 | Crear | Battering Ram |
| 27:22 | Crear | Samurai |
| 27:35 | Investigar | Gillnets |
| 27:38 | Crear | Fishing Ship |
| 27:40 | Crear | Villager (Male) |
| 27:43 | Crear | Samurai |
| 28:06 | Crear | Villager (Male) |
| 28:08 | Crear | Samurai |
| 28:10 | Investigar | Heavy Plow |
| 28:16 | Crear | Battering Ram |
| 28:36 | Construir | House |
| 28:38 | Construir | House |
| 29:20 | Crear | Battering Ram |
| 29:22 | Crear | Samurai |
| 29:23 | Crear | Samurai |
| 29:23 | Crear | Samurai |
| 29:23 | Crear | Samurai |
| 29:38 | Crear | Villager (Male) |
| 29:40 | Crear | Villager (Male) |
| 29:43 | Crear | Fishing Ship |
| 29:52 | Construir | Castle |
| 30:23 | Crear | Samurai |
| 30:23 | Crear | Samurai |
| 30:28 | Construir | House |
Build order — Lykia
Primeras 150 de 474 acciones detectadas
| 0:48 | Construir | Town Center |
| 0:54 | Construir | Dock |
| 1:41 | Construir | House |
| 1:43 | Construir | House |
| 3:02 | Crear | Villager (Male) |
| 3:02 | Crear | Villager (Male) |
| 3:03 | Crear | Villager (Male) |
| 3:03 | Crear | Villager (Male) |
| 3:03 | Crear | Villager (Male) |
| 4:35 | Crear | Villager (Male) |
| 4:35 | Crear | Villager (Male) |
| 4:35 | Crear | Villager (Male) |
| 6:08 | Crear | Villager (Male) |
| 6:08 | Crear | Villager (Male) |
| 6:09 | Crear | Villager (Male) |
| 6:09 | Crear | Villager (Male) |
| 7:14 | Crear | Villager (Male) |
| 7:14 | Crear | Villager (Male) |
| 7:15 | Crear | Villager (Male) |
| 7:15 | Crear | Villager (Male) |
| 7:15 | Crear | Villager (Male) |
| 7:26 | Construir | House |
| 7:34 | Construir | House |
| 8:28 | Crear | Fishing Ship |
| 8:30 | Crear | Villager (Male) |
| 9:05 | Crear | Villager (Male) |
| 9:08 | Crear | Fishing Ship |
| 9:12 | Crear | Villager (Male) |
| 9:25 | Crear | Villager (Male) |
| 9:55 | Crear | Villager (Male) |
| 9:55 | Crear | Villager (Male) |
| 10:03 | Crear | Fishing Ship |
| 10:53 | Construir | Mill |
| 11:52 | Construir | Lumber Camp |
| 12:13 | Crear | Fishing Ship |
| 12:18 | Construir | House |
| 12:22 | Construir | House |
| 12:57 | Investigar | Feudal Age |
| 13:20 | Crear | Fishing Ship |
| 13:47 | Construir | Mill |
| 15:07 | Edad | Edad Feudal |
| 15:13 | Construir | Market |
| 15:21 | Crear | Villager (Male) |
| 15:21 | Crear | Villager (Male) |
| 15:26 | Crear | Villager (Male) |
| 15:56 | Construir | Blacksmith |
| 16:28 | Crear | Fishing Ship |
| 17:04 | Construir | Mill |
| 17:13 | Construir | Mining Camp |
| 17:19 | Crear | Villager (Male) |
| 17:20 | Crear | Villager (Male) |
| 17:35 | Crear | Villager (Male) |
| 18:29 | Investigar | Double-Bit Axe |
| 18:33 | Investigar | Castle Age |
| 19:56 | Construir | Dock |
| 20:28 | Construir | Mining Camp |
| 20:34 | Construir | House |
| 20:35 | Construir | House |
| 20:36 | Construir | House |
| 20:37 | Construir | House |
| 20:38 | Construir | House |
| 21:14 | Edad | Edad de los Castillos |
| 21:24 | Construir | Town Center |
| 21:45 | Crear | Fishing Ship |
| 21:45 | Crear | Fishing Ship |
| 21:58 | Construir | Town Center |
| 22:21 | Crear | Villager (Male) |
| 22:22 | Crear | Villager (Male) |
| 22:22 | Crear | Villager (Male) |
| 22:23 | Crear | Villager (Male) ×5 |
| 22:24 | Crear | Villager (Male) ×5 |
| 22:52 | Crear | Villager (Male) ×5 |
| 23:02 | Crear | Villager (Male) |
| 23:03 | Crear | Villager (Male) |
| 23:03 | Crear | Villager (Male) |
| 23:05 | Construir | Mining Camp |
| 23:15 | Crear | Villager (Male) |
| 23:29 | Crear | Fishing Ship |
| 23:49 | Investigar | Bow Saw |
| 24:22 | Construir | Barracks |
| 24:57 | Construir | Stable |
| 25:47 | Investigar | Wheelbarrow |
| 25:48 | Investigar | Loom |
| 25:52 | Crear | Villager (Male) |
| 25:53 | Crear | Villager (Male) |
| 25:59 | Investigar | Loom |
| 26:01 | Crear | Villager (Male) |
| 26:01 | Crear | Villager (Male) |
| 26:05 | Investigar | Gold Mining |
| 26:10 | Investigar | Husbandry |
| 26:20 | Construir | Farm |
| 26:20 | Construir | Farm |
| 26:21 | Construir | Farm |
| 26:21 | Construir | Farm |
| 26:21 | Construir | Farm |
| 26:21 | Construir | Farm |
| 26:21 | Construir | Farm |
| 26:22 | Construir | Farm |
| 26:45 | Construir | Stable |
| 26:56 | Crear | Knight |
| 26:57 | Crear | Knight |
| 26:57 | Crear | Knight |
| 26:57 | Crear | Knight |
| 27:04 | Construir | Stable |
| 28:17 | Construir | Mining Camp |
| 28:27 | Crear | Fishing Ship |
| 28:27 | Crear | Fishing Ship |
| 28:27 | Crear | Fishing Ship |
| 28:31 | Crear | Knight |
| 28:31 | Crear | Knight |
| 28:31 | Crear | Knight |
| 28:31 | Crear | Knight |
| 28:31 | Crear | Knight |
| 28:32 | Crear | Knight |
| 28:32 | Crear | Knight |
| 28:32 | Crear | Knight |
| 28:32 | Crear | Knight |
| 28:38 | Construir | Stable |
| 28:40 | Construir | Stable |
| 28:49 | Investigar | Scale Barding Armor |
| 29:12 | Crear | Knight |
| 29:12 | Crear | Knight |
| 29:12 | Crear | Knight |
| 29:31 | Construir | House |
| 29:32 | Construir | House |
| 29:32 | Construir | House |
| 29:32 | Construir | House |
| 29:48 | Crear | Knight ×3 |
| 29:48 | Crear | Knight ×3 |
| 30:28 | Crear | Knight ×3 |
| 30:32 | Construir | Farm |
| 30:38 | Construir | Mining Camp |
| 30:41 | Investigar | Hand Cart |
| 30:42 | Crear | Villager (Male) ×5 |
| 30:48 | Construir | Farm |
| 30:48 | Construir | Farm |
| 30:48 | Construir | Farm |
| 30:49 | Construir | Farm |
| 30:49 | Construir | Farm |
| 30:49 | Construir | Farm |
| 30:51 | Construir | Farm |
| 30:51 | Construir | Farm |
| 31:11 | Crear | Fishing Ship |
| 31:11 | Crear | Fishing Ship |
| 31:12 | Crear | Fishing Ship |
| 31:12 | Crear | Fishing Ship |
| 31:12 | Crear | Fishing Ship |
| 31:13 | Crear | Fishing Ship |
| 31:25 | Crear | Villager (Male) ×4 |
| 31:26 | Crear | Villager (Male) ×4 |
Build order — Dr.Lang
Primeras 150 de 292 acciones detectadas
| 0:02 | Construir | House |
| 2:41 | Construir | Town Center |
| 4:14 | Construir | Dock |
| 4:31 | Crear | Villager (Male) |
| 4:34 | Crear | Villager (Male) |
| 4:34 | Crear | Villager (Male) |
| 4:34 | Crear | Villager (Male) |
| 4:35 | Crear | Villager (Male) |
| 5:46 | Crear | Villager (Male) |
| 5:46 | Crear | Villager (Male) |
| 5:58 | Construir | House |
| 6:02 | Investigar | Loom |
| 6:13 | Crear | Villager (Male) |
| 6:13 | Crear | Villager (Male) |
| 6:41 | Crear | Villager (Male) |
| 7:09 | Crear | Villager (Male) |
| 7:34 | Crear | Villager (Male) |
| 8:00 | Crear | Fishing Ship |
| 8:06 | Crear | Villager (Male) |
| 8:34 | Construir | House |
| 8:37 | Crear | Villager (Male) |
| 9:07 | Crear | Villager (Male) |
| 9:10 | Crear | Fishing Ship |
| 9:27 | Crear | Villager (Male) |
| 9:43 | Crear | Villager (Male) |
| 9:46 | Crear | Fishing Ship |
| 9:47 | Crear | Fishing Ship |
| 10:00 | Construir | House |
| 10:08 | Crear | Villager (Male) |
| 10:29 | Crear | Villager (Male) |
| 10:41 | Crear | Villager (Male) |
| 10:47 | Crear | Fishing Ship |
| 10:47 | Crear | Fishing Ship |
| 10:50 | Crear | Villager (Male) |
| 11:03 | Crear | Villager (Male) |
| 11:43 | Crear | Villager (Male) |
| 11:59 | Construir | House |
| 12:02 | Crear | Fishing Ship |
| 12:20 | Crear | Fishing Ship |
| 12:32 | Crear | Villager (Male) |
| 13:02 | Crear | Fishing Ship |
| 13:19 | Construir | Lumber Camp |
| 13:26 | Crear | Villager (Male) |
| 13:34 | Construir | House |
| 13:52 | Investigar | Feudal Age |
| 14:02 | Crear | Villager (Male) |
| 14:03 | Crear | Villager (Male) |
| 14:16 | Construir | Mining Camp |
| 14:31 | Crear | Fishing Ship |
| 14:32 | Crear | Fishing Ship |
| 14:59 | Crear | Fishing Ship |
| 14:59 | Crear | Fishing Ship |
| 15:04 | Construir | House |
| 15:19 | Crear | Villager (Male) |
| 15:27 | Construir | House |
| 15:30 | Construir | House |
| 15:30 | Construir | House |
| 15:35 | Construir | House |
| 16:02 | Edad | Edad Feudal |
| 16:15 | Construir | Blacksmith |
| 16:22 | Construir | Mill |
| 16:50 | Crear | Villager (Male) |
| 17:04 | Construir | Market |
| 17:12 | Crear | Demolition Raft |
| 17:16 | Crear | Fishing Ship |
| 17:16 | Crear | Fishing Ship |
| 18:14 | Construir | Farm |
| 18:17 | Construir | Farm |
| 18:23 | Investigar | Castle Age |
| 19:02 | Construir | Barracks |
| 19:14 | Crear | Fishing Ship |
| 19:14 | Crear | Fishing Ship |
| 19:21 | Investigar | Double-Bit Axe |
| 19:55 | Crear | Fire Galley |
| 20:13 | Crear | Fire Galley |
| 20:42 | Investigar | Gold Mining |
| 21:03 | Edad | Edad de los Castillos |
| 21:06 | Construir | Castle |
| 21:17 | Investigar | Padded Archer Armor |
| 21:31 | Crear | Villager (Male) |
| 21:31 | Crear | Villager (Male) |
| 21:31 | Crear | Villager (Male) |
| 21:33 | Crear | Villager (Male) |
| 21:34 | Construir | Farm |
| 21:36 | Construir | Farm |
| 21:40 | Construir | Farm |
| 21:53 | Crear | Fishing Ship |
| 22:16 | Crear | Conquistador |
| 22:16 | Crear | Conquistador |
| 22:16 | Crear | Conquistador |
| 22:17 | Crear | Conquistador |
| 22:56 | Crear | Conquistador |
| 22:58 | Crear | Villager (Male) |
| 22:58 | Crear | Villager (Male) |
| 23:11 | Construir | Town Center |
| 23:15 | Crear | Villager (Male) |
| 23:28 | Crear | Conquistador |
| 23:29 | Crear | Conquistador |
| 23:37 | Crear | Villager (Male) |
| 23:41 | Crear | Villager (Male) |
| 23:42 | Crear | Villager (Male) |
| 24:12 | Crear | Conquistador |
| 24:13 | Crear | Conquistador |
| 24:13 | Crear | Conquistador |
| 24:26 | Construir | Mining Camp |
| 25:40 | Crear | Villager (Male) |
| 25:40 | Crear | Villager (Male) |
| 25:40 | Crear | Villager (Male) |
| 25:41 | Investigar | Wheelbarrow |
| 25:43 | Crear | Villager (Male) |
| 25:43 | Crear | Villager (Male) |
| 25:43 | Crear | Villager (Male) |
| 25:45 | Construir | Farm |
| 25:45 | Construir | Farm |
| 25:45 | Construir | Farm |
| 25:46 | Construir | Farm |
| 25:46 | Construir | Farm |
| 27:11 | Crear | Villager (Male) |
| 27:11 | Crear | Villager (Male) |
| 27:11 | Crear | Villager (Male) |
| 27:12 | Crear | Villager (Male) |
| 27:13 | Crear | Villager (Male) |
| 27:18 | Crear | Villager (Male) |
| 27:23 | Construir | Farm |
| 27:24 | Construir | Farm |
| 28:33 | Construir | Castle |
| 28:47 | Construir | Castle |
| 29:43 | Investigar | Imperial Age |
| 29:51 | Crear | Conquistador |
| 29:51 | Crear | Conquistador |
| 29:55 | Crear | Conquistador |
| 29:55 | Crear | Conquistador |
| 30:05 | Crear | Conquistador |
| 30:05 | Crear | Conquistador |
| 30:25 | Construir | Siege Workshop |
| 31:31 | Investigar | Stone Mining |
| 31:41 | Construir | Siege Workshop |
| 31:46 | Construir | University |
| 32:53 | Edad | Edad Imperial |
| 32:59 | Crear | Trebuchet (Packed) |
| 33:04 | Investigar | Chemistry |
| 33:11 | Crear | Trebuchet (Packed) |
| 33:18 | Construir | Stable |
| 33:18 | Construir | Stable |
| 33:19 | Construir | Stable |
| 34:10 | Construir | Castle |
| 34:18 | Investigar | Bloodlines |
| 35:18 | Investigar | Cavalier (upgrade) |
| 35:36 | Crear | Bombard Cannon |
| 35:37 | Crear | Bombard Cannon |
Build order — ecm2002
Primeras 150 de 291 acciones detectadas
| 0:08 | Construir | Town Center |
| 0:16 | Construir | House |
| 1:01 | Construir | Dock |
| 1:11 | Construir | House |
| 2:40 | Crear | Villager (Male) |
| 2:40 | Crear | Villager (Male) |
| 2:40 | Crear | Villager (Male) |
| 2:40 | Crear | Villager (Male) |
| 4:04 | Crear | Fishing Ship |
| 4:14 | Crear | Villager (Male) |
| 4:53 | Investigar | Loom |
| 5:02 | Crear | Fishing Ship |
| 5:15 | Crear | Villager (Male) |
| 5:38 | Construir | House |
| 5:40 | Crear | Villager (Male) |
| 6:10 | Crear | Villager (Male) |
| 6:22 | Crear | Fishing Ship |
| 6:54 | Crear | Villager (Male) |
| 7:00 | Crear | Fishing Ship |
| 7:02 | Construir | House |
| 7:47 | Crear | Villager (Male) |
| 7:47 | Crear | Villager (Male) |
| 7:52 | Crear | Fishing Ship |
| 8:18 | Crear | Villager (Male) |
| 8:21 | Crear | Fishing Ship |
| 8:26 | Construir | House |
| 8:29 | Crear | Villager (Male) |
| 9:09 | Crear | Villager (Male) |
| 9:17 | Crear | Fishing Ship |
| 9:25 | Crear | Villager (Male) |
| 10:08 | Crear | Villager (Male) |
| 10:09 | Crear | Villager (Male) |
| 10:12 | Crear | Fishing Ship |
| 10:30 | Construir | Mill |
| 10:34 | Crear | Villager (Male) |
| 11:15 | Crear | Villager (Male) |
| 11:27 | Construir | Mining Camp |
| 11:59 | Construir | House |
| 12:03 | Crear | Villager (Male) |
| 12:04 | Investigar | Feudal Age |
| 12:26 | Construir | Lumber Camp |
| 13:18 | Construir | Dock |
| 13:27 | Crear | Villager (Male) |
| 13:27 | Crear | Villager (Male) |
| 13:48 | Construir | Barracks |
| 14:15 | Edad | Edad Feudal |
| 14:17 | Construir | Market |
| 14:32 | Crear | Unit 2626 |
| 14:37 | Crear | Fire Galley |
| 14:50 | Crear | Villager (Male) |
| 15:12 | Construir | Stable |
| 15:35 | Crear | Villager (Male) |
| 15:36 | Crear | Villager (Male) |
| 16:01 | Investigar | Double-Bit Axe |
| 16:08 | Construir | House |
| 16:10 | Construir | House |
| 16:50 | Investigar | Castle Age |
| 16:50 | Investigar | Castle Age |
| 17:17 | Crear | Fire Galley |
| 17:19 | Crear | Unit 2626 |
| 17:52 | Crear | Scout Cavalry |
| 18:04 | Construir | Mining Camp |
| 18:15 | Crear | Villager (Male) |
| 18:15 | Crear | Villager (Male) |
| 18:18 | Crear | Fire Galley |
| 18:42 | Construir | Blacksmith |
| 18:44 | Crear | Scout Cavalry |
| 18:56 | Crear | Spearman |
| 18:57 | Crear | Spearman |
| 19:03 | Investigar | Horse Collar |
| 19:13 | Crear | Demolition Raft |
| 19:27 | Crear | Villager (Male) |
| 19:30 | Edad | Edad de los Castillos |
| 19:32 | Construir | Town Center |
| 19:45 | Construir | Town Center |
| 19:49 | Crear | Villager (Male) |
| 20:15 | Crear | Villager (Male) |
| 20:29 | Construir | House |
| 20:30 | Construir | House |
| 20:31 | Construir | House |
| 20:40 | Crear | Villager (Male) |
| 20:40 | Crear | Villager (Male) |
| 21:06 | Crear | Villager (Male) |
| 21:06 | Crear | Villager (Male) |
| 21:10 | Construir | Farm |
| 21:12 | Crear | Villager (Male) |
| 21:28 | Crear | Fire Galley |
| 21:29 | Crear | Unit 2626 |
| 21:37 | Crear | Villager (Male) |
| 21:37 | Crear | Villager (Male) |
| 21:51 | Construir | House |
| 22:01 | Construir | Mining Camp |
| 22:15 | Crear | Villager (Male) |
| 22:20 | Construir | House |
| 22:21 | Construir | House |
| 22:30 | Crear | Villager (Male) |
| 22:31 | Crear | Villager (Male) |
| 22:31 | Crear | Villager (Male) |
| 22:34 | Construir | Farm |
| 23:10 | Crear | Camel Scout |
| 23:20 | Crear | Villager (Male) |
| 23:21 | Crear | Villager (Male) |
| 23:22 | Crear | Villager (Male) |
| 23:44 | Construir | House |
| 23:45 | Construir | House |
| 23:48 | Crear | Villager (Male) |
| 23:49 | Crear | Villager (Male) |
| 23:53 | Crear | Camel Scout |
| 23:57 | Construir | Farm |
| 23:59 | Construir | Farm |
| 24:01 | Construir | Farm |
| 24:09 | Crear | Villager (Male) |
| 24:09 | Crear | Villager (Male) |
| 24:20 | Construir | Farm |
| 24:24 | Crear | Villager (Male) |
| 24:24 | Crear | Villager (Male) |
| 24:40 | Crear | Villager (Male) |
| 24:40 | Crear | Villager (Male) |
| 24:56 | Crear | Villager (Male) |
| 24:57 | Crear | Villager (Male) |
| 24:58 | Crear | Camel Scout |
| 25:02 | Construir | House |
| 25:03 | Construir | House |
| 25:08 | Crear | Villager (Male) |
| 25:08 | Crear | Villager (Male) |
| 25:19 | Construir | Farm |
| 25:34 | Crear | Villager (Male) |
| 25:34 | Crear | Villager (Male) |
| 25:43 | Construir | House |
| 25:49 | Construir | Stone Wall |
| 25:50 | Construir | Stone Wall |
| 25:50 | Construir | Stone Wall |
| 25:51 | Construir | Stone Wall |
| 25:52 | Construir | Stone Wall |
| 25:53 | Construir | Stone Wall |
| 25:53 | Construir | Stone Wall |
| 25:54 | Construir | Stone Wall |
| 26:05 | Construir | Stone Wall |
| 26:07 | Construir | Gate |
| 26:12 | Construir | Farm |
| 26:15 | Construir | Farm |
| 26:28 | Crear | Villager (Male) |
| 26:28 | Crear | Villager (Male) |
| 26:28 | Crear | Villager (Male) |
| 26:31 | Construir | Farm |
| 26:31 | Construir | Farm |
| 26:32 | Construir | Farm |
| 26:32 | Construir | Farm |
| 27:21 | Construir | Stone Wall |
| 27:23 | Construir | Gate |
Build order — rontgen
Primeras 150 de 604 acciones detectadas
| 0:48 | Construir | Town Center |
| 1:05 | Construir | House |
| 1:08 | Construir | Dock |
| 2:54 | Crear | Villager (Male) |
| 2:54 | Crear | Villager (Male) |
| 2:54 | Crear | Villager (Male) |
| 2:59 | Crear | Fishing Ship |
| 3:21 | Crear | Villager (Male) |
| 3:22 | Crear | Villager (Male) |
| 3:58 | Construir | House |
| 4:38 | Crear | Villager (Male) |
| 4:38 | Crear | Villager (Male) |
| 4:40 | Crear | Fishing Ship |
| 4:41 | Crear | Fishing Ship |
| 5:22 | Crear | Villager (Male) |
| 5:23 | Crear | Villager (Male) |
| 5:39 | Construir | House |
| 6:04 | Crear | Fishing Ship |
| 6:17 | Investigar | Loom |
| 6:18 | Crear | Villager (Male) |
| 6:43 | Crear | Villager (Male) |
| 6:43 | Crear | Villager (Male) |
| 6:58 | Crear | Fishing Ship |
| 6:58 | Crear | Fishing Ship |
| 7:04 | Crear | Villager (Male) |
| 7:05 | Crear | Villager (Male) |
| 7:05 | Crear | Villager (Male) |
| 7:13 | Construir | House |
| 7:30 | Crear | Villager (Male) |
| 7:30 | Crear | Villager (Male) |
| 7:40 | Crear | Villager (Male) |
| 7:40 | Crear | Villager (Male) |
| 8:02 | Construir | House |
| 8:51 | Construir | Mill |
| 8:53 | Crear | Villager (Male) |
| 8:55 | Crear | Fishing Ship |
| 9:27 | Crear | Villager (Male) |
| 9:28 | Crear | Fishing Ship |
| 9:55 | Crear | Villager (Male) |
| 9:58 | Crear | Fishing Ship |
| 10:39 | Crear | Fishing Ship |
| 10:50 | Crear | Villager (Male) |
| 10:54 | Investigar | Feudal Age |
| 11:05 | Construir | Lumber Camp |
| 11:44 | Construir | House |
| 12:06 | Crear | Villager (Male) |
| 12:53 | Crear | Villager (Male) |
| 12:59 | Construir | Dock |
| 13:17 | Edad | Edad Feudal |
| 13:20 | Construir | Market |
| 13:24 | Construir | Blacksmith |
| 13:26 | Crear | Villager (Male) |
| 13:53 | Crear | Demolition Raft |
| 13:57 | Crear | Fishing Ship |
| 14:59 | Crear | Fishing Ship |
| 14:59 | Crear | Fishing Ship |
| 15:06 | Crear | Fishing Ship |
| 15:06 | Crear | Fishing Ship |
| 15:11 | Investigar | Castle Age |
| 15:21 | Investigar | Double-Bit Axe |
| 15:59 | Construir | House |
| 16:29 | Construir | House |
| 16:30 | Construir | House |
| 16:32 | Construir | House |
| 16:42 | Construir | Barracks |
| 16:46 | Crear | Fishing Ship |
| 17:05 | Crear | Fishing Ship |
| 17:05 | Crear | Fishing Ship |
| 17:37 | Edad | Edad de los Castillos |
| 17:39 | Construir | Town Center |
| 17:43 | Crear | Villager (Male) |
| 17:52 | Construir | House |
| 18:13 | Crear | Villager (Male) |
| 18:13 | Crear | Villager (Male) |
| 18:14 | Crear | Villager (Male) |
| 18:14 | Crear | Villager (Male) |
| 18:15 | Investigar | Town Watch |
| 18:28 | Construir | House |
| 18:31 | Crear | Villager (Male) |
| 18:32 | Crear | Villager (Male) |
| 18:41 | Construir | Stable |
| 18:44 | Crear | Villager (Male) |
| 19:03 | Construir | Town Center |
| 19:06 | Crear | Villager (Male) |
| 19:07 | Crear | Villager (Male) |
| 19:07 | Crear | Villager (Male) |
| 19:07 | Crear | Villager (Male) |
| 19:08 | Crear | Villager (Male) |
| 19:21 | Crear | Villager (Male) |
| 19:22 | Crear | Villager (Male) |
| 19:56 | Crear | Villager (Male) |
| 19:57 | Crear | Villager (Male) |
| 20:08 | Construir | Stone Wall |
| 20:12 | Crear | Villager (Male) |
| 20:12 | Crear | Villager (Male) |
| 20:13 | Crear | Villager (Male) |
| 20:18 | Construir | House |
| 20:32 | Construir | Gate |
| 20:34 | Crear | Villager (Male) |
| 20:35 | Crear | Villager (Male) |
| 20:43 | Construir | Farm |
| 20:44 | Construir | Farm |
| 20:44 | Construir | Farm |
| 20:44 | Construir | Farm |
| 20:48 | Crear | Fishing Ship ×4 |
| 21:15 | Construir | Stone Wall |
| 21:19 | Construir | Stone Wall |
| 21:22 | Crear | Villager (Male) |
| 21:23 | Crear | Villager (Male) |
| 21:24 | Investigar | Wheelbarrow |
| 21:27 | Crear | Fishing Ship |
| 21:27 | Crear | Fishing Ship |
| 21:51 | Construir | Farm |
| 21:58 | Construir | Mining Camp |
| 21:59 | Crear | Villager (Male) |
| 22:00 | Crear | Villager (Male) |
| 22:35 | Crear | Villager (Male) |
| 22:36 | Crear | Villager (Male) |
| 22:43 | Construir | House |
| 22:47 | Construir | Stone Wall |
| 22:55 | Crear | Villager (Male) |
| 22:55 | Crear | Villager (Male) |
| 22:59 | Investigar | Horse Collar |
| 23:01 | Investigar | Gold Mining |
| 23:02 | Investigar | Stone Mining |
| 23:13 | Investigar | Bow Saw |
| 23:19 | Crear | Villager (Male) |
| 23:19 | Crear | Villager (Male) |
| 23:26 | Construir | Market |
| 23:43 | Construir | Stable |
| 23:45 | Crear | Villager (Male) |
| 23:46 | Crear | Villager (Male) |
| 23:48 | Construir | House |
| 23:58 | Investigar | Stone Mining |
| 24:00 | Crear | Villager (Male) |
| 24:01 | Crear | Villager (Male) |
| 24:16 | Construir | Mill |
| 24:20 | Crear | Villager (Male) |
| 24:21 | Crear | Villager (Male) |
| 24:25 | Construir | Farm |
| 24:31 | Construir | Farm |
| 24:32 | Construir | Farm |
| 24:36 | Construir | Farm |
| 24:39 | Crear | Fishing Ship |
| 24:40 | Crear | Fishing Ship |
| 24:40 | Crear | Fishing Ship |
| 24:50 | Crear | Villager (Male) |
| 25:02 | Construir | Farm |
| 25:02 | Construir | Farm |
| 25:03 | Construir | Farm |
Build order — 没关系,幽鬼会出手
Primeras 150 de 520 acciones detectadas
| 0:03 | Construir | Town Center |
| 0:10 | Construir | House |
| 1:47 | Construir | Dock |
| 2:25 | Crear | Villager (Male) |
| 2:25 | Crear | Villager (Male) |
| 2:26 | Crear | Villager (Male) |
| 2:26 | Crear | Villager (Male) |
| 2:26 | Crear | Villager (Male) |
| 2:27 | Crear | Villager (Male) |
| 3:08 | Construir | House |
| 3:59 | Crear | Villager (Male) |
| 4:00 | Crear | Villager (Male) |
| 4:20 | Crear | Villager (Male) |
| 4:20 | Crear | Villager (Male) |
| 4:28 | Construir | House |
| 4:31 | Crear | Villager (Male) |
| 4:32 | Crear | Villager (Male) |
| 4:48 | Crear | Villager (Male) |
| 5:37 | Crear | Villager (Male) |
| 6:03 | Crear | Villager (Male) |
| 6:04 | Crear | Villager (Male) |
| 6:21 | Construir | House |
| 6:23 | Crear | Fishing Ship |
| 6:23 | Crear | Fishing Ship |
| 6:26 | Crear | Villager (Male) |
| 6:26 | Crear | Villager (Male) |
| 6:56 | Crear | Villager (Male) |
| 6:56 | Crear | Villager (Male) |
| 6:56 | Crear | Villager (Male) |
| 7:19 | Crear | Villager (Male) |
| 7:19 | Crear | Villager (Male) |
| 7:19 | Crear | Villager (Male) |
| 7:22 | Crear | Fishing Ship |
| 7:38 | Construir | House |
| 7:39 | Crear | Villager (Male) |
| 7:40 | Crear | Villager (Male) |
| 8:07 | Crear | Fishing Ship |
| 8:36 | Crear | Villager (Male) |
| 8:55 | Crear | Fishing Ship |
| 8:56 | Construir | House |
| 9:18 | Construir | House |
| 9:47 | Crear | Villager (Male) |
| 9:52 | Construir | Mining Camp |
| 10:09 | Crear | Villager (Male) |
| 10:10 | Crear | Villager (Male) |
| 10:33 | Construir | House |
| 10:43 | Crear | Villager (Male) |
| 10:49 | Construir | House |
| 11:16 | Crear | Villager (Male) |
| 11:16 | Crear | Villager (Male) |
| 11:39 | Construir | Mining Camp |
| 12:09 | Crear | Villager (Male) |
| 12:16 | Crear | Fishing Ship |
| 12:33 | Construir | Lumber Camp |
| 12:54 | Investigar | Feudal Age |
| 13:20 | Construir | Mill |
| 14:10 | Construir | House |
| 14:57 | Crear | Villager (Male) |
| 14:57 | Crear | Villager (Male) |
| 15:04 | Edad | Edad Feudal |
| 15:07 | Construir | Market |
| 15:09 | Construir | Blacksmith |
| 15:55 | Investigar | Castle Age |
| 15:55 | Investigar | Castle Age |
| 17:54 | Crear | Villager (Male) |
| 18:24 | Construir | House |
| 18:27 | Crear | Villager (Male) |
| 18:35 | Edad | Edad de los Castillos |
| 18:41 | Construir | Castle |
| 18:48 | Construir | Town Center |
| 19:15 | Crear | Villager (Male) |
| 19:24 | Construir | Town Center |
| 19:28 | Investigar | Double-Bit Axe |
| 19:34 | Investigar | Fletching |
| 19:36 | Crear | Villager (Male) |
| 19:36 | Crear | Villager (Male) |
| 19:36 | Crear | Villager (Male) |
| 19:53 | Crear | Villager (Male) |
| 19:59 | Crear | Villager (Male) |
| 20:13 | Crear | Villager (Male) |
| 20:13 | Crear | Villager (Male) |
| 20:13 | Crear | Villager (Male) |
| 20:14 | Crear | Villager (Male) |
| 21:01 | Construir | House |
| 21:06 | Crear | Villager (Male) |
| 21:06 | Crear | Villager (Male) |
| 21:07 | Crear | Villager (Male) |
| 21:11 | Investigar | Horse Collar |
| 21:15 | Crear | Camel Archer |
| 21:16 | Crear | Camel Archer |
| 21:16 | Crear | Camel Archer |
| 21:18 | Construir | Barracks |
| 21:34 | Construir | Farm |
| 21:34 | Construir | Farm |
| 21:34 | Construir | Farm |
| 21:35 | Construir | Farm |
| 21:35 | Construir | Farm |
| 21:35 | Construir | Farm |
| 22:01 | Crear | Villager (Male) |
| 22:02 | Crear | Villager (Male) |
| 22:09 | Construir | Farm |
| 22:09 | Construir | Farm |
| 22:09 | Construir | Farm |
| 22:09 | Construir | Farm |
| 22:10 | Construir | Farm |
| 22:14 | Construir | Farm |
| 22:28 | Crear | Villager (Male) |
| 22:28 | Crear | Villager (Male) |
| 22:28 | Crear | Villager (Male) |
| 22:46 | Construir | Stable |
| 22:47 | Crear | Villager (Male) |
| 22:48 | Crear | Villager (Male) |
| 22:48 | Crear | Villager (Male) |
| 22:48 | Crear | Villager (Male) |
| 22:50 | Construir | Farm |
| 22:57 | Crear | Villager (Male) |
| 23:24 | Crear | Villager (Male) |
| 23:24 | Crear | Villager (Male) |
| 23:24 | Crear | Villager (Male) |
| 23:26 | Construir | House |
| 23:27 | Construir | House |
| 23:28 | Construir | House |
| 23:34 | Construir | Archery Range |
| 23:36 | Investigar | Husbandry |
| 23:38 | Crear | Camel Archer |
| 23:43 | Construir | Farm |
| 23:44 | Construir | Farm |
| 23:44 | Construir | Farm |
| 23:58 | Crear | Villager (Male) |
| 23:58 | Crear | Villager (Male) |
| 24:03 | Investigar | Loom |
| 24:12 | Crear | Camel Archer |
| 24:12 | Crear | Camel Archer |
| 24:14 | Construir | House |
| 24:24 | Investigar | Bodkin Arrow |
| 24:30 | Construir | Farm |
| 24:30 | Construir | Farm |
| 24:31 | Construir | Farm |
| 24:31 | Construir | Farm |
| 24:31 | Construir | Farm |
| 24:31 | Construir | Farm |
| 24:39 | Construir | Mill |
| 24:48 | Investigar | Bloodlines |
| 24:54 | Construir | Farm |
| 24:54 | Construir | Farm |
| 24:54 | Construir | Farm |
| 24:55 | Construir | Farm |
| 25:00 | Crear | Villager (Male) |
| 25:01 | Crear | Villager (Male) |
| 25:05 | Construir | Farm |
Build order — TheDangerous
Primeras 150 de 534 acciones detectadas
| 1:00 | Construir | Town Center |
| 1:53 | Construir | Dock |
| 1:54 | Construir | House |
| 3:25 | Crear | Villager (Male) |
| 3:26 | Crear | Villager (Male) |
| 3:26 | Crear | Villager (Male) |
| 3:26 | Crear | Villager (Male) |
| 3:27 | Crear | Villager (Male) |
| 4:50 | Crear | Villager (Male) |
| 4:56 | Construir | House |
| 4:59 | Crear | Villager (Male) |
| 5:40 | Crear | Villager (Male) |
| 6:06 | Crear | Fishing Ship |
| 6:06 | Crear | Fishing Ship |
| 6:06 | Crear | Fishing Ship |
| 6:08 | Crear | Villager (Male) |
| 6:08 | Crear | Villager (Male) |
| 6:08 | Crear | Villager (Male) |
| 6:39 | Crear | Fishing Ship |
| 6:46 | Crear | Villager (Male) |
| 6:46 | Crear | Villager (Male) |
| 6:46 | Crear | Villager (Male) |
| 7:03 | Construir | House |
| 7:23 | Crear | Villager (Male) |
| 7:23 | Crear | Villager (Male) |
| 7:32 | Crear | Fishing Ship |
| 7:49 | Crear | Villager (Male) |
| 7:49 | Crear | Villager (Male) |
| 7:49 | Crear | Villager (Male) |
| 8:02 | Construir | House |
| 8:07 | Crear | Villager (Male) |
| 8:18 | Crear | Fishing Ship |
| 8:36 | Crear | Villager (Male) |
| 8:58 | Crear | Villager (Male) |
| 9:01 | Crear | Fishing Ship |
| 9:24 | Crear | Villager (Male) |
| 9:33 | Construir | House |
| 9:38 | Crear | Villager (Male) |
| 9:39 | Crear | Fishing Ship |
| 10:16 | Crear | Villager (Male) |
| 10:44 | Crear | Villager (Male) |
| 10:47 | Crear | Fishing Ship |
| 11:05 | Construir | Mill |
| 11:08 | Crear | Villager (Male) |
| 11:29 | Construir | Lumber Camp |
| 11:35 | Investigar | Loom |
| 12:08 | Investigar | Feudal Age |
| 12:08 | Investigar | Feudal Age |
| 12:20 | Construir | House |
| 13:13 | Construir | Barracks |
| 13:15 | Construir | House |
| 13:48 | Crear | Villager (Male) |
| 13:55 | Construir | Mining Camp |
| 14:18 | Edad | Edad Feudal |
| 14:20 | Investigar | Double-Bit Axe |
| 14:39 | Crear | Villager (Male) |
| 14:45 | Construir | House |
| 14:57 | Investigar | Horse Collar |
| 14:58 | Crear | Villager (Male) |
| 15:15 | Construir | House |
| 15:18 | Construir | Outpost |
| 15:19 | Crear | Villager (Male) |
| 15:30 | Investigar | Wheelbarrow |
| 16:02 | Construir | Archery Range |
| 16:27 | Construir | Mining Camp |
| 16:53 | Construir | Blacksmith |
| 17:04 | Crear | Villager (Male) |
| 17:37 | Investigar | Castle Age |
| 17:37 | Investigar | Castle Age |
| 17:37 | Investigar | Castle Age |
| 17:53 | Construir | Mining Camp |
| 18:20 | Construir | House |
| 18:21 | Construir | House |
| 18:30 | Construir | House |
| 18:43 | Construir | Stone Wall |
| 18:52 | Construir | Stone Wall |
| 19:10 | Construir | Archery Range |
| 20:06 | Crear | Villager (Male) |
| 20:06 | Crear | Villager (Male) |
| 20:18 | Edad | Edad de los Castillos |
| 20:24 | Construir | Town Center |
| 20:40 | Construir | Stone Wall |
| 20:59 | Crear | Villager (Male) |
| 21:05 | Construir | University |
| 21:10 | Crear | Villager (Male) |
| 21:24 | Crear | Villager (Male) |
| 21:56 | Crear | Villager (Male) |
| 21:56 | Crear | Villager (Male) |
| 22:11 | Investigar | Heavy Plow |
| 22:12 | Investigar | Bow Saw |
| 22:17 | Investigar | Chemistry |
| 22:24 | Construir | Farm |
| 22:24 | Construir | Farm |
| 22:25 | Construir | Farm |
| 22:25 | Construir | Farm |
| 22:25 | Construir | Farm |
| 22:35 | Crear | Villager (Male) |
| 22:35 | Crear | Villager (Male) |
| 23:04 | Construir | Castle |
| 23:06 | Crear | Villager (Male) |
| 23:06 | Crear | Villager (Male) |
| 23:18 | Construir | Farm |
| 23:21 | Construir | Farm |
| 23:23 | Construir | Farm |
| 23:25 | Construir | Farm |
| 23:35 | Construir | Farm |
| 23:36 | Construir | Farm |
| 23:37 | Construir | Farm |
| 23:44 | Crear | Villager (Male) |
| 23:44 | Crear | Villager (Male) |
| 24:05 | Crear | Hand Cannoneer |
| 24:05 | Crear | Hand Cannoneer |
| 24:09 | Crear | Villager (Male) |
| 24:09 | Crear | Villager (Male) |
| 24:09 | Crear | Villager (Male) |
| 24:14 | Crear | Villager (Male) |
| 24:22 | Construir | Farm |
| 24:25 | Construir | Farm |
| 24:26 | Crear | Villager (Male) |
| 24:26 | Crear | Villager (Male) |
| 24:27 | Crear | Villager (Male) |
| 24:35 | Crear | Villager (Male) |
| 24:53 | Construir | Farm |
| 25:03 | Construir | Mill |
| 25:07 | Crear | Villager (Male) |
| 25:07 | Crear | Villager (Male) |
| 25:12 | Construir | Farm |
| 25:19 | Crear | Hand Cannoneer |
| 25:20 | Crear | Hand Cannoneer |
| 25:42 | Construir | Farm |
| 25:43 | Crear | Villager (Male) |
| 25:43 | Crear | Villager (Male) |
| 25:54 | Construir | Farm |
| 25:56 | Crear | Villager (Male) |
| 25:56 | Crear | Villager (Male) |
| 26:21 | Construir | Farm |
| 26:26 | Crear | Villager (Male) |
| 26:26 | Crear | Villager (Male) |
| 26:29 | Construir | Farm |
| 26:32 | Construir | Farm |
| 26:34 | Construir | Farm |
| 26:37 | Construir | Farm |
| 26:38 | Crear | Villager (Male) |
| 26:38 | Crear | Villager (Male) |
| 26:47 | Construir | Farm |
| 27:06 | Crear | Villager (Male) |
| 27:06 | Crear | Villager (Male) |
| 27:07 | Construir | Farm |
| 27:29 | Crear | Villager (Male) |
| 27:30 | Crear | Villager (Male) |
Build order — 这把混下把躺
Primeras 150 de 545 acciones detectadas
| 0:55 | Construir | Town Center |
| 1:31 | Construir | Dock |
| 2:38 | Construir | House |
| 3:14 | Crear | Villager (Male) |
| 3:14 | Crear | Villager (Male) |
| 3:14 | Crear | Villager (Male) |
| 3:15 | Crear | Villager (Male) |
| 3:15 | Crear | Villager (Male) |
| 4:14 | Crear | Fishing Ship |
| 4:36 | Investigar | Loom |
| 4:37 | Crear | Villager (Male) |
| 4:37 | Crear | Villager (Male) |
| 4:43 | Investigar | Loom |
| 5:09 | Construir | House |
| 5:28 | Crear | Fishing Ship |
| 5:46 | Crear | Villager (Male) |
| 5:46 | Crear | Villager (Male) |
| 6:18 | Crear | Villager (Male) |
| 6:18 | Crear | Villager (Male) |
| 6:29 | Crear | Fishing Ship |
| 6:29 | Crear | Fishing Ship |
| 6:45 | Crear | Villager (Male) |
| 6:46 | Crear | Villager (Male) |
| 7:06 | Crear | Villager (Male) |
| 7:06 | Crear | Villager (Male) |
| 7:47 | Crear | Villager (Male) |
| 7:47 | Crear | Villager (Male) |
| 7:56 | Construir | House |
| 8:03 | Crear | Fishing Ship |
| 8:04 | Crear | Villager (Male) |
| 8:04 | Crear | Villager (Male) |
| 8:08 | Construir | House |
| 8:18 | Crear | Villager (Male) |
| 9:04 | Crear | Villager (Male) |
| 9:05 | Crear | Fishing Ship |
| 9:42 | Crear | Villager (Male) |
| 10:11 | Construir | Lumber Camp |
| 10:15 | Crear | Villager (Male) |
| 10:38 | Crear | Fishing Ship |
| 10:46 | Investigar | Feudal Age |
| 11:19 | Construir | Mining Camp |
| 11:30 | Crear | Villager (Male) |
| 12:29 | Crear | Villager (Male) |
| 12:33 | Crear | Fishing Ship |
| 12:56 | Edad | Edad Feudal |
| 13:12 | Investigar | Wheelbarrow |
| 13:15 | Construir | House |
| 13:22 | Construir | House |
| 13:38 | Crear | Villager (Male) |
| 13:38 | Investigar | Double-Bit Axe |
| 13:46 | Construir | Mill |
| 13:58 | Crear | Demolition Raft |
| 14:14 | Construir | Dock |
| 14:27 | Crear | Villager (Male) |
| 14:28 | Crear | Villager (Male) |
| 14:49 | Construir | Farm |
| 14:56 | Construir | Farm |
| 15:00 | Investigar | Horse Collar |
| 15:05 | Crear | Demolition Raft |
| 15:08 | Crear | Demolition Raft |
| 15:16 | Crear | Fishing Ship |
| 15:23 | Crear | Fishing Ship |
| 15:35 | Crear | Demolition Raft |
| 15:45 | Crear | Demolition Raft |
| 15:45 | Crear | Demolition Raft |
| 15:51 | Crear | Fishing Ship |
| 15:54 | Crear | Fishing Ship |
| 15:55 | Crear | Villager (Male) |
| 15:55 | Crear | Villager (Male) |
| 15:55 | Crear | Villager (Male) |
| 16:03 | Construir | Farm |
| 16:06 | Construir | Farm |
| 16:08 | Construir | Farm |
| 16:12 | Construir | Farm |
| 16:15 | Construir | Farm |
| 16:16 | Crear | Villager (Male) |
| 16:23 | Construir | House |
| 16:26 | Construir | House |
| 16:36 | Crear | Villager (Male) |
| 16:52 | Crear | Villager (Male) |
| 16:56 | Construir | Farm |
| 16:59 | Crear | Villager (Male) |
| 17:11 | Crear | Demolition Raft |
| 17:15 | Crear | Fishing Ship |
| 17:45 | Construir | Market |
| 17:51 | Construir | Farm |
| 17:52 | Crear | Villager (Male) |
| 17:56 | Crear | Villager (Male) |
| 18:40 | Construir | Blacksmith |
| 18:46 | Crear | Villager (Male) |
| 19:04 | Crear | Fire Galley |
| 19:13 | Crear | Villager (Male) |
| 19:14 | Crear | Villager (Male) |
| 19:27 | Investigar | Castle Age |
| 19:33 | Crear | Villager (Male) |
| 19:53 | Crear | Fire Galley |
| 19:53 | Crear | Fire Galley |
| 19:57 | Crear | Fire Galley |
| 19:58 | Crear | Fire Galley |
| 20:06 | Construir | House |
| 20:08 | Construir | House |
| 20:18 | Construir | House |
| 20:28 | Construir | House |
| 20:29 | Construir | House |
| 20:45 | Construir | Barracks |
| 20:53 | Investigar | Gold Mining |
| 20:57 | Crear | Villager (Male) |
| 22:06 | Crear | Demolition Raft |
| 22:18 | Edad | Edad de los Castillos |
| 22:32 | Investigar | War Galley (upgrade) |
| 23:02 | Crear | Fire Galley |
| 23:48 | Crear | Villager (Male) |
| 23:48 | Crear | Villager (Male) |
| 23:54 | Construir | Town Center |
| 24:02 | Construir | Archery Range |
| 24:03 | Crear | Villager (Male) |
| 24:03 | Crear | Villager (Male) |
| 24:04 | Crear | Villager (Male) |
| 24:40 | Construir | Outpost |
| 24:44 | Construir | Outpost |
| 24:50 | Crear | Villager (Male) |
| 24:52 | Investigar | Stone Mining |
| 24:58 | Investigar | Heavy Plow |
| 25:02 | Crear | Villager (Male) |
| 25:04 | Investigar | Town Watch |
| 25:04 | Investigar | Hand Cart |
| 25:15 | Construir | Lumber Camp |
| 25:23 | Construir | Farm |
| 25:24 | Crear | Villager (Male) |
| 25:24 | Crear | Villager (Male) |
| 25:38 | Construir | Outpost |
| 25:46 | Crear | Fire Galley |
| 25:46 | Crear | Fire Galley |
| 25:52 | Investigar | War Galley (upgrade) |
| 25:56 | Crear | Fire Galley |
| 25:56 | Crear | Fire Galley |
| 26:16 | Crear | Villager (Male) |
| 26:17 | Crear | Villager (Male) |
| 26:17 | Crear | Villager (Male) |
| 26:18 | Crear | Villager (Male) |
| 26:18 | Crear | Villager (Male) |
| 26:24 | Crear | Villager (Male) |
| 26:42 | Construir | Castle |
| 26:45 | Crear | Villager (Male) |
| 26:54 | Crear | Fire Galley |
| 27:05 | Crear | Villager (Male) |
| 27:06 | Crear | Villager (Male) |
| 27:18 | Investigar | Bow Saw |
| 27:25 | Crear | Villager (Male) |
| 27:26 | Crear | Villager (Male) |
Cronología de la partida
| 0:54 | Lykia · first_building Dock |
| 1:01 | ecm2002 · first_building Dock |
| 1:08 | rontgen · first_building Dock |
| 1:31 | 这把混下把躺 · first_building Dock |
| 1:47 | 没关系,幽鬼会出手 · first_building Dock |
| 1:53 | TheDangerous · first_building Dock |
| 2:16 | Coldfish · wall_segment Palisade Wall x1 |
| 2:20 | Coldfish · wall_segment Palisade Wall x1 |
| 2:25 | Coldfish · wall_segment Palisade Wall x1 |
| 2:30 | Coldfish · wall_segment Palisade Wall x1 |
| 2:35 | Coldfish · wall_segment Palisade Wall x1 |
| 4:14 | Dr.Lang · first_building Dock |
| 4:57 | Coldfish · wall_segment Palisade Wall x1 |
| 6:50 | Coldfish · first_building Dock |
| 12:56 | 这把混下把躺 · age_up feudal |
| 13:13 | TheDangerous · first_building Barracks |
| 13:17 | rontgen · age_up feudal |
| 13:48 | ecm2002 · first_building Barracks |
| 14:15 | ecm2002 · age_up feudal |
| 14:18 | TheDangerous · age_up feudal |
| 14:18 | Coldfish · first_building Barracks |
| 15:04 | 没关系,幽鬼会出手 · age_up feudal |
| 15:07 | Lykia · age_up feudal |
| 15:12 | ecm2002 · first_building Stable |
| 15:32 | Coldfish · age_up feudal |
| 16:02 | Dr.Lang · age_up feudal |
| 16:02 | TheDangerous · first_building Archery Range |
| 16:31 | ecm2002 · first_market_sell 100 food |
| 16:42 | rontgen · first_building Barracks |
| 17:37 | rontgen · age_up castle |
| 18:35 | 没关系,幽鬼会出手 · age_up castle |
| 18:41 | 没关系,幽鬼会出手 · first_building Castle |
| 18:41 | rontgen · first_building Stable |
| 18:43 | TheDangerous · wall_segment Stone Wall x10 |
| 18:52 | TheDangerous · wall_segment Stone Wall x9 |
| 19:02 | Dr.Lang · first_building Barracks |
| 19:11 | Coldfish · first_market_sell 100 wood |
| 19:13 | Coldfish · first_market_buy 100 food |
| 19:30 | ecm2002 · age_up castle |
| 20:08 | rontgen · wall_segment Stone Wall x10 |
| 20:18 | TheDangerous · age_up castle |
| 20:40 | TheDangerous · wall_segment Stone Wall x2 |
| 20:45 | 这把混下把躺 · first_building Barracks |
| 21:03 | Dr.Lang · age_up castle |
| 21:06 | Dr.Lang · first_building Castle |
| 21:14 | Lykia · age_up castle |
| 21:15 | rontgen · wall_segment Stone Wall x9 |
| 21:18 | 没关系,幽鬼会出手 · first_building Barracks |
| 21:19 | rontgen · wall_segment Stone Wall x2 |
| 21:30 | 没关系,幽鬼会出手 · first_market_buy 100 food |
| 21:55 | Coldfish · age_up castle |
| 22:11 | Coldfish · first_building Castle |
| 22:18 | 这把混下把躺 · age_up castle |
| 22:46 | 没关系,幽鬼会出手 · first_building Stable |
| 22:47 | rontgen · wall_segment Stone Wall x3 |
| 23:04 | TheDangerous · first_building Castle |
| 23:34 | 没关系,幽鬼会出手 · first_building Archery Range |
| 24:02 | 这把混下把躺 · first_building Archery Range |
| 24:22 | Lykia · first_building Barracks |
| 24:57 | Lykia · first_building Stable |
| 25:41 | rontgen · first_market_buy 100 stone |
| 25:49 | ecm2002 · wall_segment Stone Wall x1 |
| 25:50 | ecm2002 · wall_segment Stone Wall x1 |
| 25:50 | ecm2002 · wall_segment Stone Wall x1 |
| 25:51 | ecm2002 · wall_segment Stone Wall x1 |
| 25:52 | ecm2002 · wall_segment Stone Wall x1 |
| 25:53 | ecm2002 · wall_segment Stone Wall x1 |
| 25:53 | ecm2002 · wall_segment Stone Wall x1 |
| 25:54 | ecm2002 · wall_segment Stone Wall x1 |
| 25:56 | Coldfish · first_building Siege Workshop |
| 25:57 | rontgen · first_building Castle |
| 26:05 | ecm2002 · wall_segment Stone Wall x10 |
| 26:05 | 没关系,幽鬼会出手 · first_building Siege Workshop |
| 26:42 | 这把混下把躺 · first_building Castle |
| 27:21 | ecm2002 · wall_segment Stone Wall x8 |
| 27:33 | ecm2002 · first_building Siege Workshop |
| 28:11 | ecm2002 · first_market_buy 100 stone |
| 28:24 | rontgen · first_building Siege Workshop |
| 28:24 | ecm2002 · first_building Castle |
| 28:48 | 这把混下把躺 · first_market_sell 100 food |
| 29:01 | TheDangerous · first_building Siege Workshop |
| 29:37 | Dr.Lang · first_market_sell 100 food |
| 30:00 | Dr.Lang · first_market_buy 100 food |
| 30:25 | Dr.Lang · first_building Siege Workshop |
| 30:46 | rontgen · age_up imperial |
| 31:23 | rontgen · wall_segment Stone Wall x6 |
| 31:52 | TheDangerous · age_up imperial |
| 32:47 | 这把混下把躺 · age_up imperial |
| 32:53 | Dr.Lang · age_up imperial |
| 33:18 | Dr.Lang · first_building Stable |
| 34:21 | TheDangerous · first_market_sell 100 food |
| 35:16 | 没关系,幽鬼会出手 · wall_segment Palisade Wall x1 |
| 35:50 | Lykia · first_building Castle |
| 36:33 | 没关系,幽鬼会出手 · age_up imperial |
| 36:36 | Lykia · first_building Monastery |
| 36:51 | ecm2002 · first_building Archery Range |
| 36:57 | 这把混下把躺 · first_market_buy 100 food |
| 37:33 | Coldfish · first_building Archery Range |
| 38:12 | TheDangerous · first_market_buy 100 food |
| 40:32 | rontgen · wall_segment Stone Wall x1 |
| 41:58 | Lykia · tribute_sent a jugador 2 |
| 41:58 | Lykia · tribute_sent a jugador 3 |
| 41:58 | Lykia · tribute_sent a jugador 4 |
| 41:58 | Lykia · tribute_sent a jugador 5 |
| 41:58 | Lykia · tribute_sent a jugador 6 |
| 41:58 | Lykia · tribute_sent a jugador 7 |
| 41:58 | Lykia · tribute_sent a jugador 8 |
| 41:59 | Lykia · age_up imperial |
| 43:08 | Coldfish · age_up imperial |
| 46:07 | Coldfish · first_building Stable |
| 47:28 | Dr.Lang · first_building Archery Range |
| 54:50 | rontgen · first_building Archery Range |
| 55:08 | Lykia · wall_segment Stone Wall x6 |
| 60:22 | TheDangerous · resign |
| 60:35 | Lykia · wall_segment Stone Wall x6 |
[ ANÁLISIS IA · 1 CRÉDITO ]
¿Qué pasó realmente en esta partida?
Wolo.gg analiza cada decisión: build order, eco, micro, errores típicos por bracket. Análisis personalizado por WhatsApp o Discord en 30 segundos.
Guía civ
Japoneses
Guía mapa
Nomad
Perfil
Jugador #2988080